 Dungeon Crawl Stone Soup version 0.28-a0-1506-g3893175d92 (webtiles) character file.

Game seed: 13538001193017461041

84 siradein the Insei (level 4, -1/33 HPs)
             Began as a Djinni Transmuter on Jan 14, 2022.
             Slain by a crimson imp (2 damage)
             ... summoned by Natasha
             ... on level 2 of the Dungeon.
             The game lasted 00:05:16 (1599 turns).

siradein the Insei (Djinni Transmuter)              Turns: 1599, Time: 00:05:16

Health: -1/33      AC:  2    Str:  9    XL:     4   Next: 74%
Gold:   64         EV: 20    Int: 16    God:
                   SH:  0    Dex: 19

rFire   . . .      SeeInvis .     - Unarmed
rCold   . . .      Faith    .   (shield currently unavailable)
rNeg    . . .      Spirit   .   (armour currently unavailable)
rPois   ∞          Reflect  .   (helmet currently unavailable)
rElec   .          Harm     .   (cloak currently unavailable)
rCorr   .          Rampage  .   (gloves currently unavailable)
Will    .....                   (boots unavailable)
Stlth   ++........              (no amulet)
HPRegen 0.11/turn               (no ring)
MPRegen 0.00/turn               (no ring)

@: spider-form, flying
A: venomous fangs, flying, sickness immunity, tiny, (fire resistance 2), (cold
vulnerability 1), float, innate caster, hp casting, extra vitality 1
a: End Transformation


You were on level 2 of the Dungeon.
You were a venomous arachnid creature.
You visited 1 branch of the dungeon, and saw 2 of its levels.

You collected 64 gold pieces.

Inventory:

Hand Weapons
 f - a +0 quarterstaff (melded)
Armour
 a - a +0 robe (melded)
 d - a +0 pair of gloves (melded)
 e - a +0 cloak (melded)
Scrolls
 b - a scroll of identify {unknown}
Potions
 c - 2 potions of lignification {unknown}


   Skills:
 + Level 2.0 Fighting
 + Level 2.9 Dodging
 + Level 3.5 Unarmed Combat
 * Level 2.4 Spellcasting


You couldn't memorise any spells.
You knew the following spells:

 Your Spells              Type           Power      Damage    Failure   Level
a - Beastly Appendage     Tmut           18%        N/A       19%         1
b - Wereblood             Tmut           9%         N/A       26%         2
c - Spider Form           Tmut/Pois      9%         N/A       43%         3
d - Ice Form              Ice/Tmut       9%         N/A       77%         4
e - Foxfire               Conj/Fire      36%        2x1d5     19%         1
Your spell library was empty.

Dungeon Overview and Level Annotations

Branches:
Dungeon (2/15)

Altars:
Xom

Annotations:
D:2 Natasha


Innate Abilities, Weirdness & Mutations

You are a venomous arachnid creature.
You have poisonous fangs.
You are tiny and dextrous.
You are flying.
Your spellcasting is less reliable in this form.
Your armour is entirely melded.
You are incapable of wielding weapons or throwing items.
You are immune to sickness and miasma.
You are immune to poison.
((Your flesh is very heat resistant. (rF++)))
((You are vulnerable to cold. (rC-)))
You float through the air rather than walking.
You learn spells naturally, not from books.
Your magical power is your life essence.
You have superior vitality. (+4 MHP)


Message History

The magic dart hits you.
* * * LOW HITPOINT WARNING * * *
Casting: Foxfire (safe; 7% risk of failure)
Confirm with . or Enter, or press ? or * to list all spells.
You conjure some foxfire!
* * * LOW HITPOINT WARNING * * *
The crimson imp blinks!
A quokka comes into view.
The foxfire hits the kobold.
The kobold is severely wounded.
The foxfire hits the kobold.
You kill the kobold!
Found a stone staircase leading down.
The crimson imp hits you but does no damage.
The crimson imp misses you.
Natasha mumbles some strange words.
Natasha wildly gestures.
Natasha glows brightly for a moment.
There is a stone staircase leading down here.
The crimson imp blinks!
You hit the crimson imp.
The crimson imp is moderately wounded.
The crimson imp closely misses you.
Natasha wildly gestures.
Natasha glows brightly for a moment.
Casting: Foxfire (safe; 7% risk of failure)
Confirm with . or Enter, or press ? or * to list all spells.
The spell is quite dangerous to miscast (22% risk of failure)!
Continue anyway?
You turn into a venomous arachnid creature.
Your +0 quarterstaff melds into your body.
Your +0 cloak melds into your body.
Your +0 pair of gloves melds into your body.
Your +0 robe melds into your body.
* * * LOW HITPOINT WARNING * * *
Natasha stares at you and mumbles some strange words.
The magic dart hits you.
* * * LOW HITPOINT WARNING * * *
The crimson imp grins evilly.
The crimson imp hits you.
You die...

#.......##.# ...
######..##.# #.#
.######..##.# #.#
#.........##.#
#.#.########.###.#
##.#. ...##.###.#
... #.#.†..... #5#
#...##.### #s#
##......# #h#
##.......#
##>#####...5_..##
#..#§5555..†...#
#5##.###.......#
#.##.# ##....###
#.##.# ##.###
#.##.## #...
#.#...###......


You could see Natasha, a crimson imp (summoned) and a white imp (summoned).

Vanquished Creatures
  Natasha (twice) (D:2)
  2 worms (D:2)
  2 dart slugs (D:1)
  4 endoplasms (D:1)
  A giant cockroach (D:1)
  2 goblins (D:1)
  2 hobgoblins (D:1)
  2 quokkas (D:1)
  3 ball pythons
  3 bats (D:1)
  4 kobolds
27 creatures vanquished.

Vanquished Creatures (others)
  65 foxfires
65 creatures vanquished.

Grand Total: 92 creatures vanquished

Notes
Turn   | Place    | Note
-------+----------+-------------------------------------------
     0 | D:1      | siradein the Djinni Transmuter began the quest for the Orb.
     0 | D:1      | Reached XP level 1. HP: 17/17 MP: 0/0
    18 | D:1      | Found a faded altar of an unknown god.
    98 | D:1      | Reached XP level 2. HP: 21/22 MP: 0/0
   645 | D:1      | Reached XP level 3. HP: 22/27 MP: 0/0
   645 | D:1      | Learned a level 1 spell: Foxfire
  1415 | D:2      | Found a shimmering altar of Xom.
  1419 | D:2      | Noticed Natasha
  1426 | D:2      | Killed Natasha
  1427 | D:2      | Reached XP level 4. HP: 27/33 MP: 0/0
  1439 | D:2      | Noticed Natasha
  1448 | D:2      | Killed Natasha
  1563 | D:2      | Noticed Natasha
  1599 | D:2      | HP: 1/33 [Natasha/magic dart (5)]
  1599 | D:2      | Slain by a crimson imp

Illustrated notes

Levels and vault maps discovered:
D:1:      moated_graveyard_arrival, layout_loops_ring, basic_ecumenical_altar
D:2:      layout_loops_ring, basic_altar, uniq_natasha

Skill      XL: |  1  2  3  4 |
---------------+-------------+-----
Spellcasting   | 2 |  2.4
Fighting       | 2 |  2.0
Dodging        | |  2.9
Unarmed Combat | |  3.5

Action                   |  1- 3 |  4- 6 || total
-------------------------+-------+-------++-------
Melee: Unarmed           |    47 |       ||    47
       Headbutt          |    10 |       ||    10
       Punch             |     1 |       ||     1
       Quarterstaff      |       |     1 ||     1
 Cast: Beastly Appendage |    12 |       ||    12
       Foxfire           |    21 |    18 ||    39
       Spider Form       |       |     1 ||     1
Armor: Robe              |     5 |     2 ||     7
Dodge: Dodged            |    35 |     3 ||    38

Table legend: (Time is in decaauts)
 A = Elapsed time spent in this place.
 B = Non-inter-level travel time spent in this place.
 C = Inter-level travel time spent in this place.
 D = Time resting spent in this place.
 E = Time spent auto-exploring this place.
 F = Levels seen in this place.
 G = Mean time per level.
                   A        B        C        D        E       F      G
               +--------+--------+--------+--------+--------+-----+--------+
         Total |   1597 |   1583 |     14 |      5 |   1280 |   2 |  798.5 |
       Dungeon |   1597 |   1583 |     14 |      5 |   1280 |   2 |  798.5 |
               +--------+--------+--------+--------+--------+-----+--------+

Top non-repeatable levels by time:
     D:1: 1075 daAuts
     D:2: 522 daAuts
